 Dungeon Crawl Stone Soup version 0.22-a0-877-g5c4e1af (webtiles) character file.

186 Firecrotchwizard the Skirmisher (level 5, -2/72 HPs)
             Began as a Hill Orc Fighter on July 29, 2018.
             Killed by nerve-wracking pain
             ... invoked by Grinder
              (5 damage)
             ... on level 3 of the Dungeon.
             The game lasted 00:05:40 (1747 turns).

Firecrotchwizard the Skirmisher (Hill Orc Fighter)  Turns: 1747, Time: 00:05:41

Health: -2/72      AC: 10    Str: 25    XL:     5   Next: 65%
Magic:  5/5        EV:  7    Int:  8    God:
Gold:   181        SH: 10    Dex: 10    Spells: 4/4 levels left

rFire    . . .     SeeInvis .   a - +0 war axe
rCold    . . .     Gourm    .   c - +0 shield
rNeg     . . .     Faith    .   b - +0 scale mail
rPois    .         Spirit   .   (no helmet)
rElec    .         Reflect  .   p - +0 cloak
rCorr    .         Harm     .   (no gloves)
MR       .....                  r - +1 pair of boots
Stlth    ..........             (no amulet)
HPRegen  0.22/turn              (no ring)
MPRegen  0.09/turn              (no ring)

@: berserking (expiring), very quick
A: no striking features
a: no special abilities


You were on level 3 of the Dungeon.
You were not hungry.

You visited 1 branch of the dungeon, and saw 3 of its levels.

You collected 181 gold pieces.

Inventory:

Hand Weapons
 a - a +0 war axe (weapon)
Armour
 b - a +0 scale mail (worn)
 c - a +0 shield (worn)
 h - a +0 pair of boots
   (You found it on level 1 of the Dungeon)
 p - a +0 cloak (worn)
   (You found it on level 2 of the Dungeon)
 r - a +1 pair of boots (worn)
   (You found it on level 3 of the Dungeon)
Scrolls
 i - 3 scrolls of identify
 k - 2 scrolls of noise {unknown}
 m - a scroll of enchant armour {unknown}
 n - 2 scrolls of teleportation {unknown}
 o - a scroll of remove curse {unknown}
Potions
 d - a potion of might
 e - a potion of curing {unknown}
 j - 2 potions of haste {unknown}
 l - 2 potions of berserk rage {!q}
 q - a potion of mutation {unknown}
Comestibles
 f - 3 rations {@e1}
 g - 4 chunks of flesh {@w0}


   Skills:
 + Level 5.0 Fighting
 * Level 4.6 Axes
 - Level 4.2 Armour
 - Level 4.2 Shields


You had 4 spell levels left.
You didn't know any spells.
Your spell library was empty.

Dungeon Overview and Level Annotations

Branches:
Dungeon (3/15)

Altars:
Elyvilon
Gozag

Annotations:
D:3 Grinder


Message History

An orc comes into view.
Grinder blinks!
You take 2 damage, and have 45/47 hp.
You hit the quokka.
The quokka twitches its whiskers.
You block the quokka's attack.
An orc comes into view. It is wielding a hand axe.
The quokka bites you.
You take 2 damage, and have 43/47 hp.
The orc shouts!
You hit the quokka but do no damage. You closely miss Grinder.
The quokka barely misses you. Grinder gestures at you.
You resist with significant effort.
You hit the quokka but do no damage.
Your shield prevents you from hitting Grinder.
The quokka bites you but does no damage.
Grinder barely misses you.
The quokka bites you but does no damage.
An orc priest comes into view. It is wielding a flail.
You closely miss the quokka.
The orc priest shouts!
The orc priest shouts, "Join the one true god or die!" (press Y on the ability menu to convert to Beogh)
You hit Grinder. You slash the orc!
You kill the orc!
The quokka bites you but does no damage.
Grinder hits you but does no damage. Grinder hits you.
You writhe in agony.
The quokka bites you.
Some of the chunks of flesh in your inventory have rotted away.
You take 9 damage, and have 35/47 hp.
You closely miss the quokka. You hit the orc. You barely miss Grinder.
The quokka bites you but does no damage.
The orc hits you but does no damage. You block Grinder's attack.
The quokka bites you but does no damage.
The orc priest shouts, "Surrender to Beogh and we'll let you live!"
You slash the orc!
You kill the orc!
You hit the quokka but do no damage. You closely miss Grinder.
You hit the orc but do no damage. Grinder hits you.
You writhe in agony.
An orc comes into view.
The orc completely misses you.
The quokka twitches its whiskers.
The quokka barely misses you.
Grinder grins, showing sharp teeth.
Grinder gestures at you.
You suddenly lose the ability to move!
The quokka bites you but does no damage.
The orc hits you but does no damage. Grinder hits you!
You writhe in agony.
The quokka bites you but does no damage.
The orc completely misses you. Grinder hits you but does no damage.
The quokka bites you but does no damage.
The orc hits you with a hand axe.
* * * LOW HITPOINT WARNING * * *
The quokka bites you.
* * * LOW HITPOINT WARNING * * *
The orc priest hits you but does no damage.
Grinder hits you!
* * * LOW HITPOINT WARNING * * *
You writhe in agony.
* * * LOW HITPOINT WARNING * * *
You can move again.
You take 34 damage, and have 1/47 hp.
MASSIVE DAMAGE!!
Really quaff
l - 3 potions of berserk rage {!q}?
Okay, then.
Really quaff
l - 3 potions of berserk rage {!q}?
A red film seems to cover your vision as you go berserk!
You feel yourself moving faster!
You feel mighty! You block the orc's attack. The quokka closely misses you.
You block Grinder's attack.
You now have 1/70 hp.
You slash Grinder! You hit the quokka.
You kill the quokka!
You hit the orc priest but do no damage.
You slash the orc!
You kill the orc!
The orc priest hits you but does no damage.
You hit Grinder. You hit the orc priest. Grinder hits you but does no damage.
The orc priest looks satisfied for a moment.
You hit Grinder. You slash the orc!
You kill the orc!
You barely miss the orc priest. Grinder barely misses you.
The orc priest shouts, "Join the one true god or die!"
The orc priest hits you but does no damage.
You barely miss Grinder. You slice the orc priest!!
You kill the orc priest!
Your Fighting skill increases to level 5!
You block Grinder's attack.
You slash Grinder! Grinder hits you but does no damage.
You closely miss Grinder. Grinder gestures at you.
You suddenly lose the ability to move!
Grinder barely misses you. x2
Grinder hits you but does no damage. Grinder hits you but does no damage. x2
You can move again.
You barely miss Grinder. Grinder gestures at you.
Pain shoots through your body!
You die...

####.............
#.......#####. #.#######
#. #.###########. ####
#...........'.
#...################.
#...#................
####..5#.#.....#########
.......@.#.....# #
#.##..†))#.....# #
#.....#.....# #
#.....####### # #.....#
####### #...).# #......
#####.# #...... .#
##...... ........


You could see Grinder.

Vanquished Creatures
  A crimson imp (D:3)
  An orc priest (D:3)
  An adder (D:2)
  3 oozes
  4 worms
  A dart slug (D:2)
  3 leopard geckos
  5 orcs
  A ball python (D:1)
  7 bats
  7 giant cockroaches
  7 hobgoblins
  6 jackals (D:1)
  3 quokkas
  2 frilled lizards (D:2)
  9 goblins
  9 kobolds
  6 rats
76 creatures vanquished.

Notes
Turn   | Place    | Note
-------+----------+-------------------------------------------
     0 | D:1      | Firecrotchwizard the Hill Orc Fighter began the quest for the Orb.
     0 | D:1      | Reached XP level 1. HP: 19/19 MP: 1/1
    60 | D:1      | Reached XP level 2. HP: 27/27 MP: 2/2
    89 | D:1      | Reached skill level 3 in Axes
   123 | D:1      | Reached skill level 4 in Fighting
   123 | D:1      | Reached XP level 3. HP: 28/33 MP: 3/3
   629 | D:2      | Found an opulent altar of Gozag.
   708 | D:2      | Reached XP level 4. HP: 41/41 MP: 4/4
  1010 | D:2      | Reached skill level 4 in Armour
  1147 | D:2      | Reached skill level 4 in Shields
  1551 | D:3      | Found a white marble altar of Elyvilon.
  1658 | D:3      | Reached skill level 4 in Axes
  1658 | D:3      | Reached XP level 5. HP: 47/47 MP: 5/5
  1724 | D:3      | Noticed Grinder
  1731 | D:3      | Paralysed by Grinder for 4 turns
  1734 | D:3      | HP: 11/47 [quokka (3)]
  1734 | D:3      | HP: 3/47 [Grinder (8)]
  1734 | D:3      | HP: 1/47 [Grinder (2)]
  1739 | D:3      | Reached skill level 5 in Fighting
  1741 | D:3      | Paralysed by Grinder for 6 turns
  1747 | D:3      | Killed from afar by Grinder

Vault maps used:
D:1:      dpeg_arrival_tiny_k, serial_bayou_crossing
D:2:      grunt_gozag_statues, minmay_split_cup_small
D:3:      nicolae_overflow_crystal_walls, uniq_grinder

Skill      XL: |  1  2  3  4  5 |
---------------+----------------+-----
Axes           | 3 4 |  4.6
Fighting       | 4 5 |  5.0
Armour         | 4 |  4.2
Shields        | 4 |  4.2

Action                   |  1- 3 |  4- 6 || total
-------------------------+-------+-------++-------
Melee: War axe           |    92 |   110 ||   202
  Use: Scroll            |       |     1 ||     1
       Potion            |       |     1 ||     1
  Eat: Chunk             |       |     3 ||     3
Armor: Scale mail        |    49 |    58 ||   107
Dodge: Dodged            |    43 |    29 ||    72
Block: Shield            |    56 |    46 ||   102

Table legend:
 A = Spawn XP
 B = Non-spawn XP
 C = Spawn XP percentage of total XP
 D = Spawn monster count
 E = Non-spawn monster count
 F = Spawn count percentage of total count
 G = Total turns spent on level
                    A         B        C        D         E        F      G
               +---------+---------+-------+---------+---------+-------+---------
         Total |       0 |     266 |   0.0 |       0 |      76 |   0.0 |  1747
               +---------+---------+-------+---------+---------+-------+---------
           D:1 |       0 |      59 |   0.0 |       0 |      27 |   0.0 |   581
           D:2 |       0 |      81 |   0.0 |       0 |      29 |   0.0 |   736
           D:3 |       0 |     126 |   0.0 |       0 |      20 |   0.0 |   430
               +---------+---------+-------+---------+---------+-------+---------

Vault maps used:
D:1:      dpeg_arrival_tiny_k, serial_bayou_crossing
D:2:      grunt_gozag_statues, minmay_split_cup_small
D:3:      nicolae_overflow_crystal_walls, uniq_grinder

Table legend:
 A = Turns spent in this place as a percentage of turns spent in the entire game.
 B = Non-inter-level travel turns spent in this place as a percentage of non-inter-level travel turns spent in the entire game.
 C = Inter-level travel turns spent in this place as a percentage of turns spent in this place.
 D = Turns resting spent in this place as a percentage of non-inter-level travel turns spent in this place.
 E = Turns spent auto-exploring this place as a percentage of non-inter-level travel turns spent in this place.
 F = Non-inter-level travel turns spent in this place divided by the number of levels of this place that you've seen.
                   A       B       C       D       E      F
               +-------+-------+-------+-------+-------+----------------------
         Total | 100.0 | 100.0 |   1.5 |   8.3 |  66.9 | 573.7
       Dungeon | 100.0 | 100.0 |   1.5 |   8.3 |  66.9 | 573.7
               +-------+-------+-------+-------+-------+----------------------

Table legend:
 A = Kills in this place as a percentage of kills in entire the game.
 B = Kills by you in this place as a percentage of kills by you in the entire game.
 C = Kills by friends in this place as a percentage of kills by friends in the entire game.
 D = Other kills in this place as a percentage of other kills in the entire game.
 E = Experience gained in this place as a percentage of experience gained in the entire game.
 F = Experience gained in this place divided by the number of levels of this place that you have seen.
                   A       B       C       D       E      F
               +-------+-------+-------+-------+-------+----------------------
         Total | 100.0 | 100.0 |   N/A |   N/A | 100.0 |  88.7
       Dungeon | 100.0 | 100.0 |   N/A |   N/A | 100.0 |  88.7
               +-------+-------+-------+-------+-------+----------------------
